 Dungeon Crawl Stone Soup version 0.27.0-1-g7a089689b8 (webtiles) character file.

Game seed: 1953319004264481487

37 theswoord the Twirler (level 3, -3/27 HPs)
             Began as a Demonspawn Gladiator on Aug 5, 2021.
             Slain by a gnoll (12 damage)
             ... on level 2 of the Dungeon.
             The game lasted 00:01:34 (887 turns).

theswoord the Twirler (Demonspawn Gladiator)         Turns: 887, Time: 00:01:35

Health: -3/27      AC:  5    Str: 15    XL:     3   Next: 23%
Magic:  3/3        EV: 12    Int:  9    God:
Gold:   71         SH:  0    Dex: 14    Spells: 2/2 levels left

rFire    . . .     SeeInvis .   a - +0 quarterstaff
rCold    . . .     Faith    .   (shield currently unavailable)
rNeg     . . .     Spirit   .   b - +0 leather armour
rPois    .         Reflect  .   c - +0 helmet
rElec    .         Harm     .   (no cloak)
rCorr    .         Rampage  .   (no gloves)
Will     .....                  (no boots)
Stlth    +.........             (no amulet)
HPRegen  0.09/turn              (no ring)
MPRegen  0.08/turn              (no ring)

@: brilliant
A: rugged brown scales 1, demonic guardian 1
a: no special abilities


You were on level 2 of the Dungeon.
You visited 1 branch of the dungeon, and saw 2 of its levels.

You collected 71 gold pieces.

Inventory:

Hand Weapons
 a - a +0 quarterstaff (weapon)
Missiles
 d - 3 throwing nets (quivered)
Armour
 b - a +0 leather armour (worn)
 c - a +0 helmet (worn)
Scrolls
 f - a scroll of enchant armour {unknown}
 g - a scroll of silence {unknown}


   Skills:
 - Level 2.0 Fighting
 + Level 4.0 Staves
 - Level 1.7 Throwing
 - Level 2.6 Dodging


You had 2 spell levels left.
You didn't know any spells.
Your spell library was empty.

Dungeon Overview and Level Annotations

Branches:
Dungeon (2/15)

Altars:


Innate Abilities, Weirdness & Mutations

You are partially covered in rugged brown scales. (AC +1, +3% HP)
A weak demonic guardian rushes to your aid.


Message History

You kill the goblin!
No target in view!
No target in view!
You open the door.
There is an open door here.
You now have 71 gold pieces (gained 7).
A gnoll comes into view. It is wielding a +0 halberd.
The gnoll shouts!
You hear a shout! x2
A gnoll is nearby!
A gnoll is nearby!
A gnoll comes into view. It is wielding a +0 club.
A dart slug comes into view.
It was a potion of brilliance.
You feel clever all of a sudden.
The gnoll hits you from afar with a +0 halberd!
A demonic guardian appears!
The gnoll completely misses your shadow imp.
Your shadow imp hits the gnoll.
The gnoll barely misses your shadow imp.
There is an open door here.
The gnoll misses you.
Your shadow imp barely misses the gnoll.
The gnoll barely misses your shadow imp.
The gnoll barely misses you.
There is an open door here.
Your shadow imp hits the gnoll.
The gnoll completely misses your shadow imp.
The gnoll hits you with a +0 halberd!
* * * LOW HITPOINT WARNING * * *
You hit the gnoll.
The gnoll is moderately wounded.
Your shadow imp hits the gnoll but does no damage.
The gnoll barely misses your shadow imp.
The gnoll barely misses you.
Your shadow imp completely misses the gnoll.
You hit the gnoll but do no damage.
The gnoll is moderately wounded.
The gnoll hits your shadow imp with a +0 club.
The gnoll hits you with a +0 halberd!
You die...

######### ##### #######.......#
#...# #....##.......# #### #...#
#....##.......## #... #...#
#....##......... #..w. #...#
#...)########... ##....#####...#
#....# #...
.........##...####....########)..
............wg5g@'....'......)...
.#....##..#####.##....##########'
#### ##.# #.######### #####. #.#
#.........# #...#. #..
#.........####.#†#' ##.#
#......†..'....#[). ..
#.........######... ..#
#.######'#.(...#... #.#
#.#.###.#...


You could see 2 gnolls, a dart slug and a friendly shadow imp (summoned).

Vanquished Creatures
  A gnoll (D:1)
  3 ball pythons
  2 endoplasms
  A giant cockroach (D:1)
  A hobgoblin (D:1)
  2 kobolds
  A quokka (D:1)
  5 bats
  A frilled lizard (D:1)
  7 goblins
  A rat (D:1)
25 creatures vanquished.

Notes
Turn   | Place    | Note
-------+----------+-------------------------------------------
     0 | D:1      | theswoord the Demonspawn Gladiator began the quest for the
                  | Orb.
     0 | D:1      | Reached XP level 1. HP: 16/16 MP: 1/1
    97 | D:1      | Reached skill level 3 in Staves
   105 | D:1      | Gained mutation: You are partially covered in rugged brown
                  | scales. (AC +1, +3% HP) [demonic ancestry]
   105 | D:1      | Reached XP level 2. HP: 6/22 MP: 2/2
   721 | D:1      | Gained mutation: A weak demonic guardian rushes to your
                  | aid. [demonic ancestry]
   721 | D:1      | Reached XP level 3. HP: 27/27 MP: 3/3
   787 | D:2      | Reached skill level 4 in Staves
   887 | D:2      | Slain by a gnoll

Skill      XL: |  1  2  3 |
---------------+----------+-----
Staves         | 3 4 |  4.0
Fighting       | |  2.0
Throwing       | |  1.7
Dodging        | |  2.6

Action                   || total
-------------------------++-------
Melee: Quarterstaff      ||    71
  Use: Potion            ||     1
 Stab: Sleeping          ||     1
Armor: Leather armour    ||    15
Dodge: Dodged            ||    50

Levels and vault maps discovered:
D:1:      dpeg_arrival_solitude, layout_rooms
D:2:      layout_basic, ebering_ecumenical_altar_sacrificial,
          grunt_ministairs_9, minmay_tetromino_i2
